Map: Lerilak Crest

Players

HUNCHARIOT - Winner!

  • Race: Zerg Zerg

A.I. 1 (Very Hard)

  • Race: Terran Terran

VOD

Have the link to the VOD?

Description

Time

  • Played on: Dec. 21, 2015, 1:32 p.m.
  • Length: 15:16
Show
View Real Time Build Order
Export as new Build Order

HUNCHARIOT Zerg - Winner!

Build Orders: Hatch First 

Get SALT Encoding   

  12  0:02  Drone  
  13  0:11  Drone  
  14  0:17  Overlord  
  14  0:36  Drone x2  
  16  0:45  Drone  
  17  0:56  Hatchery  
  16  0:58  Drone  
  16  1:02  Drone  
  18  1:16  Spawning Pool  
  17  1:20  Drone, Extractor  
  17  1:27  Drone  
  18  1:38  Overlord  
  18  1:43  Drone  
  19  1:51  Drone  
  20  2:08  Queen x2  
  22  2:09  Zergling x2  
  22  2:10  Zergling x2  
  26  2:18  Drone  
  26  2:21  Metabolic Boost  
  27  2:25  Drone x2  
  28  2:36  Extractor  
  27  2:39  Roach Warren  
  27  2:41  Drone  
  27  2:42  Zergling x2  
  28  2:50  Drone x2  
  30  2:57  Queen  
  32  3:06  Drone x3  
  35  3:13  Drone  
  35  3:15  Overlord  
  36  3:25  Overlord  
  36  3:33  Evolution Chamber  
  35  3:40  Roach x3  
  41  3:42  Roach  
  41  3:46  Drone  
  41  3:47  Drone  
  45  3:50  Drone  
  46  4:00  Drone x4  
  50  4:26  Hatchery  
  49  4:31  Drone  
  49  4:32  Drone x2  
  49  4:33  Overlord x2  
  49  4:37  Extractor  
  51  4:41  Lair, Extractor  
  50  4:49  Evolution Chamber  
  49  4:55  Evolution Chamber  
  49  4:56  Zerg Missile Weapons Level 1  
  48  5:00  Baneling Nest  
  48  5:01  Drone x2  
  48  5:02  Drone  
  50  5:11  Ravager x3  
  50  5:12  Ravager  
  54  5:18  Queen  
  54  5:19  Overlord  
  54  5:20  Drone  
  57  5:26  Roach  
  57  5:27  Roach  
  57  5:28  Zergling x2  
  62  5:30  Drone  
  62  5:33  Zerg Melee Weapons Level 1  
  63  5:43  Infestation Pit  
  62  5:54  Drone x2  
  62  5:55  Drone x7  
  71  6:18  Drone  
  71  6:19  Drone x9  
  71  6:22  Overlord  
  81  6:27  Zerg Ground Armor Level 1  
  81  6:36  Drone  
  81  6:37  Overlord x2  
  82  6:48  Extractor  
  82  6:50  Overlord x2, Extractor  
  82  6:51  Roach x2  
  82  6:52  Zergling x2  
  82  6:53  Zergling x2  
  86  7:01  Roach x3  
  92  7:06  Zerg Missile Weapons Level 2  
  92  7:15  Hydralisk Den  
  91  7:18  Roach x5  
  91  7:19  Roach  
  91  7:21  Zergling x4  
  105  7:25  Overseer  
  105  7:36  Drone  
  105  7:37  Drone x6  
  107  7:38  Drone  
  107  7:39  Roach x2  
  117  7:55  Hydralisk  
  117  7:56  Hydralisk  
  117  7:57  Overlord x4  
  121  8:02  Muscular Augments  
  121  8:07  Hive  
  121  8:21  Hatchery  
  120  8:39  Hydralisk  
  120  8:40  Hydralisk x4  
  120  8:41  Hydralisk x2  
  130  8:42  Roach x3, Zergling x2  
  130  8:43  Zergling x2  
  130  8:46  Zerg Melee Weapons Level 2  
  142  8:52  Zerg Ground Armor Level 2  
  140  9:20  Ultralisk Cavern  
  140  9:22  Zerg Missile Weapons Level 3  
  140  9:24  Overlord x4, Hydralisk  
  139  9:25  Hydralisk x4  
  139  9:27  Roach  
  114  9:47  Hydralisk  
  114  9:48  Hydralisk x7  
  114  9:50  Zergling x2  
  125  10:00  Glial Reconstitution  
  125  10:07  Chitinous Plating  
  125  10:09  Overlord x3  
  125  10:13  Ultralisk  
  131  10:34  Drone x2  
  133  10:36  Drone x10  
  133  10:38  Overlord  
  143  10:51  Drone x5  
  143  10:56  Ultralisk, Extractor  
  143  10:57  Ultralisk  
  159  10:59  Extractor  
  159  11:01  Adrenal Glands  
  158  11:06  Zerg Melee Weapons Level 3  
  158  11:12  Zerg Ground Armor Level 3  
  158  11:32  Ultralisk x2  
  170  11:33  Hydralisk x2  
  170  11:34  Roach  
  170  11:36  Zergling x12  
  170  11:38  Zergling x2  
  183  11:44  Overseer  
  183  11:53  Tunneling Claws  
  183  11:55  Burrow  
  183  11:56  Pneumatized Carapace  
  180  12:06  Overlord x3  
  177  12:14  Hydralisk  
  177  12:15  Ultralisk x2  
  191  12:17  Roach x3, Zergling x2  
  191  12:18  Zergling x6  
  181  12:28  Roach x6  
  171  12:36  Zergling x2  
  162  12:37  Zergling x14  
  161  12:50  Hydralisk x5  
  168  12:52  Roach  
  170  13:03  Hydralisk  
  170  13:04  Zergling x2  
  173  13:11  Hatchery  
  171  13:15  Extractor  
  168  13:26  Hydralisk  
  163  13:27  Hydralisk x8  
  163  13:31  Roach  
  167  13:38  Ravager  
  167  13:40  Ravager x2  
  167  13:41  Ravager x4  
  164  14:07  Ultralisk x4, Hydralisk x2  
  192  14:10  Roach  
  192  14:13  Roach x2  
  192  14:14  Zergling x2  
  192  14:15  Zergling x2  
Show
View Real Time Build Order
Export as new Build Order

A.I. 1 (Very Hard) Terran 

Build Orders: Bio Tank 

Get SALT Encoding   

  12  0:00  SCV  
  13  0:13  SCV  
  14  0:19  Supply Depot  
  14  0:25  SCV  
  15  0:30  Refinery  
  15  0:40  SCV  
  16  0:48  Barracks  
  16  0:52  SCV  
  17  1:04  SCV  
  17  1:08  Supply Depot  
  18  1:16  SCV  
  19  1:29  SCV  
  20  1:37  Factory, Marine  
  21  1:43  Barracks  
  21  1:44  SCV  
  22  1:54  Marine  
  22  1:56  SCV  
  22  2:00  Supply Depot  
  24  2:08  SCV  
  25  2:12  Marine  
  26  2:20  SCV, Factory Tech Lab  
  27  2:30  Marine  
  27  2:32  SCV  
  27  2:34  Marine  
  30  2:41  Siege Tank  
  33  2:44  SCV  
  34  3:04  SCV  
  34  3:05  Command Center  
  35  3:17  Orbital Command  
  35  3:18  Refinery  
  35  3:28  Marine  
  35  3:31  Marine  
  36  3:42  SCV  
  36  3:46  Marine  
  38  3:49  Marine  
  38  3:52  Supply Depot  
  39  4:01  SCV, Barracks  
  39  4:11  Barracks Tech Lab  
  39  4:13  SCV, Barracks Tech Lab  
  41  4:17  SCV  
  40  4:25  SCV  
  40  4:26  Starport  
  40  4:29  SCV  
  42  4:37  SCV  
  43  4:38  Marine  
  43  4:41  SCV, Marine  
  46  4:45  Stimpack  
  46  4:49  SCV  
  46  4:50  Combat Shields  
  47  4:53  SCV  
  48  5:02  SCV  
  48  5:04  Marauder  
  48  5:05  SCV  
  52  5:09  Marauder  
  52  5:14  SCV  
  55  5:17  Supply Depot, Orbital Command  
  55  5:19  Marine  
  56  5:26  SCV, Marauder  
  59  5:29  Marine  
  60  5:36  Refinery  
  60  5:38  Barracks Reactor, SCV  
  60  5:39  Siege Tank  
  60  5:42  SCV  
  65  5:44  Supply Depot  
  65  5:47  Marine, Marauder  
  68  5:50  SCV  
  68  5:55  Refinery  
  69  6:00  SCV, Engineering Bay  
  70  6:05  SCV  
  70  6:06  Marauder  
  70  6:08  Supply Depot  
  70  6:11  Siege Tank  
  76  6:12  Marauder  
  78  6:28  Terran Infantry Weapons Level 1  
  78  6:30  SCV, Marauder  
  78  6:31  Engineering Bay  
  78  6:32  Missile Turret  
  81  6:34  Supply Depot, SCV  
  81  6:37  Command Center  
  82  6:42  SCV  
  82  6:43  Siege Tank  
  86  6:55  SCV  
  86  6:56  Terran Infantry Armor Level 1, Marauder  
  86  6:59  SCV, Supply Depot  
  90  7:02  Marauder  
  90  7:03  Concussive Shells  
  90  7:07  Missile Turret  
  92  7:14  Medivac  
  92  7:15  Barracks  
  94  7:20  Marine  
  94  7:21  Marauder  
  97  7:23  Marine  
  97  7:24  Supply Depot  
  97  7:26  Marauder  
  100  7:40  Missile Turret  
  99  7:44  Starport Reactor  
  99  7:46  Siege Tank, Marauder  
  99  7:48  Supply Depot  
  99  7:49  SCV x2  
  99  7:50  SCV  
  107  8:01  SCV  
  107  8:03  SCV  
  107  8:04  Missile Turret, Orbital Command  
  109  8:12  Missile Turret  
  109  8:13  SCV  
  109  8:16  SCV  
  109  8:18  Siege Tank  
  114  8:20  Medivac  
  114  8:22  Supply Depot  
  114  8:25  Armory, SCV  
  117  8:29  SCV  
  117  8:30  SCV  
  119  8:37  SCV  
  120  8:41  Armory, SCV  
  120  8:42  SCV  
  120  8:48  Missile Turret  
  122  8:49  Widow Mine  
  122  8:50  SCV  
  122  8:51  Supply Depot  
  122  8:53  SCV  
  122  8:55  SCV  
  127  9:02  SCV  
  128  9:09  Missile Turret  
  128  9:13  Medivac  
  128  9:14  Terran Infantry Weapons Level 2, Terran Vehicle Weapons Level 1  
  128  9:17  Supply Depot, Factory  
  130  9:18  Widow Mine  
  130  9:22  Command Center, Starport  
  132  9:29  Terran Vehicle And Ship Armor Level 1  
  132  9:35  Marauder x2  
  128  9:40  Marine  
  128  9:41  Marine  
  128  9:42  Marine  
  105  9:46  Widow Mine  
  85  9:56  Marine x2  
  85  9:58  Marine  
  85  9:59  Factory Tech Lab, Starport Tech Lab, Marine  
  83  10:00  Marine  
  83  10:04  Refinery  
  84  10:08  Refinery, Medivac  
  84  10:13  Marine  
  89  10:14  Marauder  
  89  10:15  Marine  
  89  10:16  Siege Tank, Marine  
  89  10:17  Siege Tank  
  89  10:18  Marine  
  89  10:20  Raven  
  100  10:29  Barracks  
  100  10:32  Marauder  
  100  10:33  Marine  
  100  10:35  SCV x3, Marauder, Marine  
  108  10:36  SCV  
  108  10:37  Marine  
  111  10:44  Refinery  
  111  10:46  Missile Turret x2  
  111  10:47  SCV  
  111  10:48  SCV, Siege Tank, Planetary Fortress  
  111  10:49  Widow Mine  
  118  10:51  Marine  
  118  10:53  Marauder  
  118  10:56  SCV, Marine x2  
  125  10:57  Marauder  
  125  11:03  Raven  
  127  11:08  Refinery  
  127  11:15  Marauder  
  127  11:18  Siege Tank, Marauder  
  134  11:20  Siege Tank  
  134  11:22  Marine, Medivac  
  134  11:23  Marine  
  134  11:24  Marine  
  134  11:25  Marine  
  143  11:27  Hi-Sec Auto Tracking  
  143  11:35  Marine  
  143  11:36  Command Center, Missile Turret  
  143  11:38  Missile Turret  
  143  11:39  Missile Turret, Marauder  
  146  11:40  Terran Infantry Weapons Level 3  
  146  11:48  Marine  
  146  11:50  Barracks Tech Lab, Siege Tank  
  152  11:54  Marauder  
  152  11:56  Siege Tank  
  152  11:57  Supply Depot  
  152  12:01  Marauder  
  149  12:15  SCV x3  
  138  12:20  Marine  
  138  12:22  Thor  
  125  12:23  Marine  
  125  12:24  Building Armor  
  125  12:25  Marine  
  125  12:27  SCV x3, Marine x2  
  125  12:28  Siege Tank, Marine  
  89  12:38  Marine  
  89  12:39  SCV x3  
  89  12:41  Marauder  
  89  12:43  Marine  
  77  12:44  Marine  
  77  12:45  Marauder  
  67  12:51  SCV  
  67  12:52  SCV  
  67  12:56  Marine  
  61  13:00  Hellion  
  61  13:01  Marine  
  61  13:02  Marauder, Marine  
  61  13:03  SCV  
  57  13:05  Hellion  
  57  13:06  Marine  
  52  13:14  Marine  
  52  13:19  Marine  
  50  13:21  SCV, Hellion, Marine  
  50  13:24  Marauder, Marine  
  54  13:30  Command Center  
  7  14:13  SCV  
  5  14:25  SCV  
Tags
 
Composition
Bio Tank
Matchup
TvZ
Add a new tag
Caveats
  • Supply blocks, unpowered buildings, or Contaminate may cause inaccurate times.
  • Supply counts are checked every 10 seconds.